 Dungeon Crawl Stone Soup version 0.25-a0-246-g58704a1ebd (webtiles) character file.

Game seed: 3965998232518623702, levelgen mode: deterministic

5037 floatRand the Demonic Catastrophe (level 10, -1/73 HPs)
             Began as a Demonspawn Monk on Dec 3, 2019.
             Was an Elder of Qazlal.
             Slain by a troll (8 damage)
             ... on level 9 of the Dungeon.
             The game lasted 00:15:01 (12031 turns).

floatRand the Demonic Catastrophe (DsMo)           Turns: 12031, Time: 00:15:02

Health: -1/73      AC: 18    Str: 14    XL:     10   Next: 30%
Magic:  17/17      EV:  8    Int: 13    God:    Qazlal [****..]
Gold:   364        SH:  5    Dex: 15    Spells: 9/9 levels left

rFire    . . .     SeeInvis .   I - +4 battleaxe (curse)
rCold    . . .     Gourm    .   (shield currently unavailable)
rNeg     . . .     Faith    .   m - +0 chain mail
rPois    .         Spirit   .   (no helmet)
rElec    .         Reflect  .   n - +1 cloak
rCorr    .         Harm     .   (no gloves)
MR       .....                  (no boots)
Stlth    +.........             (no amulet)
HPRegen  0.22/turn              o - +4 ring of protection
MPRegen  0.15/turn              (no ring)

@: lightly drained, repel missiles
A: hooves 2, rugged brown scales 2, nightstalker 2
a: Upheaval, Elemental Force, Renounce Religion


You were on level 9 of the Dungeon.
You worshipped Qazlal.
Qazlal was greatly pleased with you.
You were not hungry.

You visited 2 branches of the dungeon, and saw 10 of its levels.

You collected 364 gold pieces.

Inventory:

Hand Weapons
 a - a +0 hand axe
 w - a +1 war axe
 D - a +3 scimitar of protection
 G - a +3 halberd
 I - a cursed +4 battleaxe (weapon)
Missiles
 v - a throwing net (quivered)
Armour
 b - a +0 robe
 m - a +0 chain mail (worn)
 n - a +1 cloak (worn)
Jewellery
 d - an uncursed ring of wizardry
 e - an uncursed ring of fire
 o - a +4 ring of protection (left hand)
 x - a +2 amulet of reflection
Wands
 p - a wand of clouds (1)
 u - a wand of enslavement (8)
 y - a wand of paralysis (5)
Scrolls
 f - 3 scrolls of remove curse
 g - 2 scrolls of immolation
 h - 6 scrolls of identify
 l - 2 scrolls of magic mapping
 r - a scroll of teleportation
 s - a scroll of fear
 t - 3 scrolls of amnesia
Potions
 i - a potion of resistance
 j - a potion of agility {unknown}
 k - 2 potions of curing
 q - a potion of lignification
 z - 2 potions of flight
 A - a potion of cancellation
 B - 2 potions of magic
 C - 2 potions of ambrosia
 E - 2 potions of mutation {unknown}
 F - 2 potions of haste
Comestibles
 c - 18 rations
 H - 5 chunks of flesh


   Skills:
 - Level 3.0(2.9) Fighting
 + Level 9.5(9.4) Axes
 - Level 6.1(6.0) Armour
 - Level 4.9(4.8) Dodging
 - Level 1.7(1.6) Stealth
 * Level 10.6(10.4) Invocations


You had 9 spell levels left.
You didn't know any spells.
Your spell library was empty.

Dungeon Overview and Level Annotations

Branches:
Dungeon (9/15)             Temple (1/1) D:7
   Lair: D:8-11         Orc: D:9-12

Altars:
Ashenzari
Cheibriados
Dithmenos
Elyvilon
Fedhas
Gozag
Hepliaklqana
Kikubaaqudgha
Makhleb
Nemelex Xobeh
Okawaru
Qazlal
Ru
Sif Muna
Trog
Uskayaw
Vehumet
Wu Jian
Xom
Yredelemnul
Zin
The Shining One

Shops:
D:4 %

Annotations:
D:3 1 runed translucent door, mcbry's ghost, amateur DEWz
D:4 3 runed translucent doors, kae's ghost, amateur DsTm


Innate Abilities, Weirdness & Mutations

You have hoof-like feet.
You are mostly covered in rugged brown scales. (AC +2, +5% HP)
You are significantly more attuned to the shadows.


Message History

You barely miss the troll. The troll bites you!
* * * LOW HITPOINT WARNING * * *
The troll barely misses you. The troll claws you but does no damage.
Unknown command.
Unknown command.
A goblin zombie comes into view.
The orc priest hits you but does no damage.
You block the orc zombie's attack.
Things that are here:
a +0 halberd; a fuming pink potion; a gnoll corpse Unknown command.
You barely miss the orc priest. You closely miss the troll.
You slash the orc zombie!
You destroy the orc zombie!
Qazlal accepts your kill.
The orc priest hits you but does no damage.
A hobgoblin zombie comes into view.
You block the troll's attack. The troll claws you but does no damage.
The troll claws you!
You die... ...hh .§..## .....
Z8..# ..... ..Z# ..... gZ# ....# ..... #Z# ....# Z...g #W# .Zogg

#h# ..Z8.
#T######
##...####o@.○...
....ZZ..ZZ.°....
.....<.....§....
################


You could see a troll, a phantom, an orc priest, a gnoll, a goblin zombie, a
hobgoblin zombie, 2 ogre zombies, a jackal and an orc skeleton.

Vanquished Creatures
  Pikel (D:8)
  Psyche (D:8)
  2 hornets (D:8)
  A slime creature (D:6)
  A hippogriff (D:8)
  2 soldier ants (D:8)
  2 orc warriors (D:7)
  A sky beast (D:6)
  An ice beast (D:7)
  2 ogres
  A necrophage (D:8)
  2 centaurs
  A gnoll sergeant (D:9)
  A bullfrog (D:8)
  3 scorpions
  A troll zombie (D:9)
  9 wights
  A howler monkey (D:5)
  2 crimson imps
  A quasit (D:6)
  3 centaur zombies
  4 hounds
  12 orc priests
  6 jellies
  6 orc wizards
  A bullfrog skeleton (D:6)
  2 iguanas
  5 worker ants
  A killer bee zombie (D:7)
  An ogre zombie (D:9)
  A hound zombie (D:6)
  14 gnolls
  16 adders
  A shadow imp (D:6)
  21 oozes
  An adder skeleton (D:6)
  5 worms
  A dart slug (D:2)
  3 leopard geckos
  48 orcs
  11 bats
  6 giant cockroaches
  11 hobgoblins
  8 jackals
  A quokka (D:6)
  A ball python (D:2)
  3 frilled lizards
  8 goblins
  A goblin skeleton (D:9)
  2 hobgoblin skeletons (D:9)
  A hobgoblin zombie (D:9)
  7 kobolds
  A leopard gecko skeleton (D:4)
  An orc skeleton (D:9)
  6 orc zombies (D:9)
  5 rats
261 creatures vanquished.

Vanquished Creatures (others)
  3 slaves (D:8)
  A water moccasin zombie (D:8)
  A worker ant zombie (D:8)
  3 gnolls (D:8)
  4 jackals (D:8)
  5 fungi (D:6)
17 creatures vanquished.

Grand Total: 278 creatures vanquished

Notes
Turn   | Place    | Note
-------+----------+-------------------------------------------
     0 | D:1      | floatRand the Demonspawn Monk began the quest for the Orb.
     0 | D:1      | Reached XP level 1. HP: 18/18 MP: 1/1
    38 | D:1      | Gained mutation: You are slightly more attuned to the
                  | shadows. [demonic ancestry]
    38 | D:1      | Reached XP level 2. HP: 15/24 MP: 2/2
   843 | D:1      | Gained mutation: You have large cloven feet. [demonic
                  | ancestry]
   843 | D:1      | Reached XP level 3. HP: 29/29 MP: 3/3
  1869 | D:1      | Gained mutation: You are significantly more attuned to the
                  | shadows. [demonic ancestry]
  1869 | D:1      | Reached XP level 4. HP: 29/35 MP: 4/4
  2267 | D:2      | Gained mutation: You are partially covered in rugged brown
                  | scales. (AC +1, +3% HP) [demonic ancestry]
  2267 | D:2      | Reached XP level 5. HP: 28/42 MP: 5/5
  3446 | D:3      | Noticed mcbry's ghost (amateur DEWz)
  3453 | D:3      | Found a runed translucent door.
  3639 | D:3      | Gained mutation: You are mostly covered in rugged brown
                  | scales. (AC +2, +5% HP) [demonic ancestry]
  3639 | D:3      | Reached XP level 6. HP: 26/49 MP: 6/6
  3941 | D:3      | Found a glowing golden altar of the Shining One.
  4370 | D:4      | Found Haecw's Food Emporium.
  4449 | D:4      | Found a runed translucent gate.
  4449 | D:4      | Found a runed translucent gate.
  4449 | D:4      | Found a runed translucent gate.
  4451 | D:4      | Noticed kae's ghost (amateur DsTm)
  4547 | D:4      | Reached skill level 5 in Axes
  4732 | D:5      | Entered Level 5 of the Dungeon
  4790 | D:5      | Reached skill level 1 in Armour
  5284 | D:5      | Reached XP level 7. HP: 51/54 MP: 7/7
  5997 | D:6      | Noticed a gargoyle
  6434 | D:6      | Reached XP level 8. HP: 41/60 MP: 8/8
  7503 | D:6      | Noticed a slime creature
  7871 | D:6      | Killed a slime creature
  7871 | D:6      | Reached skill level 5 in Armour
  8128 | D:7      | Found a staircase to the Ecumenical Temple.
  8155 | Temple   | Entered the Ecumenical Temple
  8208 | Temple   | Became a worshipper of Qazlal Stormbringer
  8208 | Temple   | Reached * piety under Qazlal
  8208 | Temple   | Reached ** piety under Qazlal
  8263 | D:7      | Reached skill level 1 in Invocations
  8465 | D:7      | Reached skill level 2 in Invocations
  8470 | D:7      | Gained mutation: You have hoof-like feet. [demonic
                  | ancestry]
  8470 | D:7      | Reached XP level 9. HP: 40/66 MP: 10/10
  8963 | D:7      | Reached skill level 3 in Invocations
  9488 | D:7      | Reached skill level 4 in Invocations
  9835 | D:7      | Reached *** piety under Qazlal
  9838 | D:7      | Reached skill level 5 in Invocations
 10208 | D:8      | Noticed Psyche
 10214 | D:8      | Killed Psyche
 10214 | D:8      | Reached skill level 6 in Invocations
 10240 | D:8      | Noticed Pikel
 10252 | D:8      | Killed Pikel
 10252 | D:8      | Reached skill level 8 in Invocations
 10601 | D:8      | Reached skill level 9 in Invocations
 10725 | D:8      | Reached XP level 10. HP: 27/73 MP: 16/16
 11022 | D:8      | Paralysed by a hornet for 3 turns
 11870 | D:8      | Reached skill level 10 in Invocations
 12021 | D:9      | Reached **** piety under Qazlal
 12031 | D:9      | Slain by a troll

Levels and vault maps discovered:
D:1:      lightli_arrival_boilingwater, layout_basic
D:2:      cheibrodos_pilgrimage, layout_loops_cross
D:3:      layout_rooms, tso_oasis_becter, hellmonk_ghost_happy_afterlife
D:4:      layout_loops_ring, serial_shops,
          nicolae_shop_temple_entry_statues_fountains,
          gammafunk_ghost_nasty_kobolds
D:5:      layout_rooms, first_ration, serial_curves, eino_curves_03,
          eino_curves_03, kennysheep_path_1
D:6:      lemuel_slime, layout_basic, roderic_lattice_a
D:7:      layout_loops_corners, minmay_temple_entry_large_hall
D:8:      minmay_inner_zag, layout_loops_ring, hangedman_pestilent_swarm,
          nrook_pool_corridor, uniq_psyche, uniq_pikel
D:9:      layout_cross, zombieorc2_lemuel
Temple:   nicolae_temple_the_god_donut

Skill      XL: |  1  2  3  4  5  6  7  8  9 10 |
---------------+-------------------------------+-----
Axes           | 3 4 5 6 8 9 |  9.5
Dodging        | 3 4 |  4.9
Armour         | 2 4 6 |  6.1
Invocations    | 2 9 10 | 10.6
Fighting       | |  3.0
Stealth        | |  1.7

Action                   |  1- 3 |  4- 6 |  7- 9 | 10-12 || total
-------------------------+-------+-------+-------+-------++-------
Melee: Hand axe          |   120 |   235 |       |       ||   355
       Kick              |     9 |    91 |   136 |    22 ||   258
       War axe           |       |    90 |   233 |       ||   323
       Halberd           |       |       |   225 |    48 ||   273
       Scimitar          |       |       |    18 |       ||    18
       Battleaxe         |       |       |       |    29 ||    29
Evoke: Wand              |       |       |     5 |     1 ||     6
  Use: Potion            |     2 |       |     3 |       ||     5
       Scroll            |       |       |    22 |       ||    22
 Stab: Sleeping          |     6 |       |       |       ||     6
       Paralysed         |       |       |    13 |       ||    13
  Eat: Chunk             |     3 |    11 |    15 |     4 ||    33
       Ration            |       |       |     1 |       ||     1
Armor: Robe              |    33 |       |       |       ||    33
       Chain mail        |    20 |   241 |   329 |    93 ||   683
       Skin              |       |       |    13 |       ||    13
Dodge: Dodged            |    97 |    93 |   181 |    38 ||   409
Block: Other             |       |       |    40 |    29 ||    69
       Rpst.: Scimitar   |       |       |     3 |       ||     3

Table legend:
 A = Non-vault XP
 B = Vault XP
 C = Vault XP percentage of total XP
 D = Non-vault monster count
 E = Vault monster count
 F = Vault count percentage of total count
                 A         B        C        D         E       F
            +---------+---------+-------+---------+---------+-------
      Total |    4348 |    2848 |  39.6 |     208 |      53 |  20.3
            +---------+---------+-------+---------+---------+-------
        D:1 |      45 |      12 |  21.1 |      23 |       4 |  14.8
        D:2 |     135 |      86 |  38.9 |      28 |       3 |   9.7
        D:3 |     127 |       0 |   0.0 |      26 |       0 |   0.0
        D:4 |     115 |       0 |   0.0 |      18 |       0 |   0.0
        D:5 |     458 |       0 |   0.0 |      15 |       0 |   0.0
        D:6 |     648 |     553 |  46.0 |      20 |      22 |  52.4
        D:7 |    1373 |       0 |   0.0 |      44 |       0 |   0.0
        D:8 |     949 |    2095 |  68.8 |      21 |      11 |  34.4
        D:9 |     498 |     102 |  17.0 |      13 |      13 |  50.0
            +---------+---------+-------+---------+---------+-------
